 Dungeon Crawl Stone Soup version 0.20.1-1-g8b1a95d (webtiles) character file.

144 Mimshu the Covered (level 5, -2/41 HPs)
             Began as a Human Fighter on Nov 30, 2017.
             Slain by Schiappus's ghost (9 damage)
             ... on level 3 of the Dungeon.
             The game lasted 00:06:12 (3169 turns).

Mimshu the Covered (Human Fighter)                  Turns: 3169, Time: 00:06:13

Health: -2/41      AC: 10    Str: 17    XL:     5   Next: 52%
Magic:  5/5        EV:  7    Int:  8    God:
Gold:   130        SH: 10    Dex: 13    Spells: 4/4 levels left

rFire    . . .     SeeInvis .   a - +0 long sword
rCold    . . .     Gourm    .   c - +1 shield
rNeg     . . .     Faith    .   b - +0 scale mail
rPois    .         Spirit   .   (no helmet)
rElec    .         Reflect  .   (no cloak)
rCorr    .         Harm     .   t - +2 pair of gloves
MR       .....                  (no boots)
Stlth    ..........             (no amulet)
Regen    0.2/turn               (no ring)
MPRegen  0.1/turn               (no ring)

@: no status effects
A: no striking features
a: no special abilities


You were on level 3 of the Dungeon.
You were not hungry.

You visited 1 branch of the dungeon, and saw 3 of its levels.

You collected 130 gold pieces.

Inventory:

Hand Weapons
 a - a +0 long sword (weapon)
 p - a +0 quarterstaff
Missiles
 q - 15 stones (quivered)
 r - 23 arrows
Armour
 b - a +0 scale mail (worn)
 c - a +1 shield (worn)
 t - a +2 pair of gloves (worn)
Wands
 f - a wand of random effects (22/48)
Scrolls
 h - a scroll of fear {unknown}
 i - a scroll of identify
 k - 2 scrolls of remove curse {unknown}
 o - a scroll of immolation {unknown}
Potions
 d - a potion of might
 e - 2 potions of invisibility {unknown}
 g - 3 potions of curing {unknown}
 j - a potion of degeneration {unknown}
 m - 2 potions of brilliance {unknown}
Books
 u - a book of Minor Magic

   Spells                             Type                      Level
   a - Magic Dart                     Conjuration                  1
   b - Blink                          Translocation                2
   c - Call Imp                       Summoning                    2
   d - Slow                           Hexes                        2
   e - Conjure Flame                  Conjuration/Fire             3
   f - Mephitic Cloud                 Conjuration/Poison/Air       3
Comestibles
 l - a royal jelly
 n - a bread ration
 v - a meat ration


   Skills:
 + Level 3.4 Fighting
 + Level 3.2 Long Blades
 + Level 3.8 Armour
 + Level 1.3 Dodging
 + Level 3.8 Shields


You had 4 spell levels left.
You didn't know any spells.

Dungeon Overview and Level Annotations

Branches:
Dungeon (3/15)

Altars:
Hepliaklqana

Annotations:
D:3 Schiappus's ghost, amateur DrBe


Message History

a dagger; a scale mail; a bat corpse Schiappus's ghost whispers, "Trust me.
Just give in."
Schiappus's ghost barely misses you.
You riposte.
You hit Schiappus's ghost but do no damage.
Schiappus's ghost is heavily damaged.
Schiappus's ghost lets out a mournful wail.
Schiappus's ghost grins evilly.
Schiappus's ghost whispers, "It is all a dream - a grotesque and foolish dream."
Schiappus's ghost yells, "Who would have thought, even in death it is a pleasure to sever!"
You completely miss Schiappus's ghost.
Schiappus's ghost is moderately damaged.
You block Schiappus's ghost's attack.
You hit Schiappus's ghost.
Schiappus's ghost is moderately damaged.
You block Schiappus's ghost's attack. Schiappus's ghost hits you!
* * * LOW HITPOINT WARNING * * *
Your shield and scale mail prevent you from hitting Schiappus's ghost.
Schiappus's ghost is moderately damaged.
Schiappus's ghost hits you!
You die...

# #.....# ....# #
#..##.# # # #..##.#
# #
#..##.#.###########
#
#..##.#.#(.........
#
#..##.#.#.#########
#
#..##.#.#..........
#
#.W##.#.#....>...##
#.@##.#.#..#####.#
#.....#.#..# #.#
##.#....#..# ..#
#.#...#...# ###
#.....###.# ####)##
#.# #.####>###
.#####........#
#..............#


You could see Schiappus's ghost.

Vanquished Creatures
  Terence (D:2)
  4 adders (D:2)
  3 oozes
  4 dart slugs
  3 leopard geckos (D:3)
  An orc (D:3)
  A ball python (D:1)
  7 bats
  6 goblins
  4 hobgoblins
  6 jackals
  3 quokkas
  4 frilled lizards
  8 kobolds
  5 rats
60 creatures vanquished.

Notes
Turn   | Place    | Note
-------+----------+-------------------------------------------
     0 | D:1      | Mimshu the Human Fighter began the quest for the Orb.
     0 | D:1      | Reached XP level 1. HP: 18/18 MP: 1/1
    46 | D:1      | Reached XP level 2. HP: 14/24 MP: 2/2
   631 | D:1      | Reached XP level 3. HP: 29/29 MP: 3/3
  1649 | D:2      | Reached skill level 1 in Dodging
  1695 | D:2      | Reached XP level 4. HP: 30/35 MP: 4/4
  1858 | D:2      | Noticed Terence
  1871 | D:2      | Killed Terence
  2197 | D:2      | Found a hazy altar of Hepliaklqana.
  2345 | D:2      | Reached XP level 5. HP: 35/41 MP: 5/5
  3024 | D:3      | Noticed Schiappus's ghost (amateur DrBe)
  3169 | D:3      | Slain by Schiappus's ghost

Skill      XL: |  1  2  3  4  5 |
---------------+----------------+-----
Dodging        | 1 |  1.3
Long Blades    | 3 |  3.2
Fighting       | |  3.4
Armour         | |  3.8
Shields        | |  3.8

Action                   |  1- 3 |  4- 6 || total
-------------------------+-------+-------++-------
Melee: Long sword        |   110 |   128 ||   238
Throw: Stone             |       |     3 ||     3
Evoke: Wand              |       |     1 ||     1
  Use: Scroll            |     2 |     1 ||     3
  Eat: Bread ration      |     1 |       ||     1
       Chunk             |       |     3 ||     3
Armor: Scale mail        |    72 |    58 ||   130
Dodge: Dodged            |    47 |    43 ||    90
Block: Shield            |    76 |    90 ||   166
       Rpst.: Long sword |    13 |    16 ||    29
